AoeStats
← daniloangst

Oasis

508860924Analyzed
3v3 RM · 9d ago on Sep 24, 2026· 42m 37s· 6 players
Game mode
Random Map
Map size
Normal (6 player)
Population
200
Speed
Normal
Resources
Standard
Victory
Conquest
Starting age
Dark Age
Ending age
Imperial Age
RankedLock teamsTeams togetherTeam positionsShared explorationLock speedFull tech treeHidden civsTurbo modeCheats
Victory
Defeat
🇨🇳 Khmer · China
1253
+12
🇨🇭 Ethiopians · Switzerland
1221
+14
🇦🇷 Saracens · Argentina
1214
+14
🇦🇷 Saracens · Argentina
1236
-16
🇦🇷 Bohemians · Argentina
1217
-15
🇦🇷 Britons · Argentina
1059
-21
daniloangst
2:55 Loom
10:32 Feudal Age
11:10 Double-Bit Axe
19:48 Castle Age
18:15 Fletching
18:51 Horse Collar
19:16 Padded Archer Armor
19:56 Crossbowman
21:32 Bow Saw
21:26 Heavy Plow
22:36 Squires
23:44 Wheelbarrow
28:12 Bodkin Arrow
29:43 Leather Archer Armor
30:33 Hand Cart
30:26 Town Watch
34:34 Imperial Age
33:57 Scale Mail Armor
34:09 Forging
35:14 Chain Mail Armor
36:17 Ballistics
36:32 Arbalester
42:18 Conscription
41:28 Onager
42:25 Torsion Engines
44:02 Two-Man Saw
43:14 Bracer
1097962590
10:49 Feudal Age
13:30 Castle Age
11:33 Double-Bit Axe
11:43 Horse Collar
13:11 Loom
14:03 Wheelbarrow
18:22 Town Watch
21:00 Bloodlines
21:31 Scale Barding Armor
21:43 Husbandry
22:00 Heavy Plow
22:44 Bow Saw
27:31 Imperial Age
25:16 Gold Mining
26:04 Chain Barding Armor
26:17 Hand Cart
26:18 Forging
28:24 Iron Casting
27:14 Light Cavalry
27:38 Cavalier
28:28 Elite Battle Elephant
29:47 Plate Barding Armor
31:59 Blast Furnace
33:02 Conscription
32:46 Tusk Swords
34:40 Crop Rotation
38:06 Spies/Treason
Diablero
10:38 Feudal Age
11:13 Double-Bit Axe
13:03 Fletching
18:34 Loom
21:33 Castle Age
19:44 Padded Archer Armor
19:25 Horse Collar
21:38 Crossbowman
22:14 Bodkin Arrow
23:23 Leather Archer Armor
25:23 Gold Mining
28:47 Bow Saw
30:44 Wheelbarrow
31:43 Ballistics
35:54 Imperial Age
34:00 Heavy Plow
34:36 Gold Shaft Mining
35:06 Thumb Ring
36:47 Bracer
36:16 Arbalester
38:37 Hand Cart
38:07 Town Watch
38:54 Ring Archer Armor
38:36 Masonry
38:48 Sanctity
39:33 Two-Man Saw
quidroga
3:19 Loom
5:11 Loom
11:17 Feudal Age
16:29 Castle Age
16:24 Horse Collar
17:06 Gold Mining
17:08 Double-Bit Axe
30:02 Gold Shaft Mining
Bufalito5871
10:51 Feudal Age
11:39 Horse Collar
11:46 Double-Bit Axe
16:37 Castle Age
15:20 Stone Mining
15:23 Gold Mining
16:31 Fletching
16:42 Padded Archer Armor
18:11 Bodkin Arrow
20:27 Leather Archer Armor
20:09 Elite Skirmisher
23:10 Loom
28:17 Wheelbarrow
31:32 Imperial Age
31:23 Fortified Wall
33:27 Bracer
33:59 Ring Archer Armor
34:38 Chemistry
34:49 Treadmill Crane
35:05 Pikeman
Kraltar
11:04 Feudal Age
13:54 Double-Bit Axe
16:18 Castle Age
14:26 Horse Collar
17:34 Loom
20:23 Elite Skirmisher
24:07 Double-Bit Axe
32:54 Imperial Age
31:44 Wheelbarrow
30:54 Town Watch
32:32 Bow Saw
32:22 Fletching
33:24 Wagenburg Tactics
34:07 Conscription
Connection lost

Rejoining the realm…

Still unreachable

The connection could not be restored.

Session expired

The server has moved on; the page needs a fresh start.